 Dungeon Crawl Stone Soup version 0.26-a0-606-g3c8f2f65f7 (webtiles) character file.

Game seed: 10092604649601659679

55 Krehm the Skirmisher (level 3, -4/37 HPs)
             Began as a Troll Delver on Sept 1, 2020.
             Killed from afar by a white imp (11 damage)
             ... with a puff of frost
             ... on level 5 of the Dungeon.
             The game lasted 00:03:23 (107 turns).

Krehm the Skirmisher (Troll Delver)                  Turns: 107, Time: 00:03:24

Health: -4/37      AC:  6    Str: 21    XL:     3   Next: 67%
Magic:  2/2        EV: 10    Int:  6    God:
Gold:   0          SH:  0    Dex: 11    Spells: 2/2 levels left

rFire    . . .     SeeInvis .     - Unarmed
rCold    . . .     Faith    .   (no shield)
rNeg     . . .     Spirit   .   a - +0 robe
rPois    .         Reflect  .   (helmet restricted)
rElec    .         Harm     .   (no cloak)
rCorr    .                      (gloves unavailable)
MR       .....                  (boots unavailable)
Stlth    ++........             (no amulet)
HPRegen  0.52/turn              (no ring)
MPRegen  0.08/turn              (no ring)

@: hasted, very quick
A: large, unfitting armour, claws 3, regeneration 1, shaggy fur 1, tough skin 3
a: no special abilities


You were on level 5 of the Dungeon.
You visited 1 branch of the dungeon, and saw 1 of its levels.

Inventory:

Armour
 a - a +0 robe (worn)
Wands
 f - a wand of digging (3)
Scrolls
 b - a scroll of fog
 c - a scroll of magic mapping
Potions
 g - a potion of mutation {unknown}


   Skills:
 + Level 3.2 Fighting
 - Level 1.5 Dodging
 - Level 2.7 Stealth
 + Level 3.2 Unarmed Combat


You had 2 spell levels left.
You didn't know any spells.
Your spell library was empty.

Dungeon Overview and Level Annotations

Branches:
Dungeon (5/15)
 Temple: D:4-7

Altars:

Annotations:
D:5 Dowan, Duvessa, Edmund


Innate Abilities, Weirdness & Mutations

You are too large for most types of armour.
You have claws for hands.
Your natural rate of healing is unusually fast.
You are covered in fur. (AC +1)
You have extremely tough skin. (AC +3)


Message History

As you read the scroll of fear, it crumbles to dust.
You assume a fearsome visage.
The orc wizard looks frightened!
The white imp is unaffected.
The jackal zombie is unaffected.
The white imp closely misses you.
The orc wizard casts a spell.
The orc wizard blinks!
The jackal zombie closely misses you.
Okay, then.
You feel yourself speed up. The white imp gestures at you.
The puff of frost hits you.
* * * LOW HITPOINT WARNING * * *
The jackal zombie misses you.
The orc wizard casts a spell.
The orc wizard blinks!
You scratch the jackal zombie.
The jackal zombie is severely damaged.
The jackal zombie bites you but does no damage.
The white imp gestures at you. The puff of frost hits you!
You die...

###@# ## ..#.# # .# #...#
#.#####.# #...## #.......#
#...##.#...c...# .
#...##.#.####.# ... #...#
.....##.# #.#
######.#.####.#.##.# .#..#
#....5@#.##.....[..#
.....##....Z.........#####
.........o......#.#.##
#...#...#...#+#+#.#
.#...#...#........#
#..$#...#...#.......# ..
#...#..†#........#
#...#...#.........#
..............#..)..#


You could see an orc wizard (fleeing), a white imp and a jackal zombie.

Vanquished Creatures
  A worker ant (D:5)
  A worker ant zombie (D:5)
  An adder (D:5)
  An adder skeleton (D:5)
  A leopard gecko (D:5)
  An orc (D:5)
  A frilled lizard (D:5)
  A jackal skeleton (D:5)
8 creatures vanquished.

Notes
Turn   | Place    | Note
-------+----------+-------------------------------------------
     0 | D:5      | Krehm the Troll Delver began the quest for the Orb.
     0 | D:5      | Reached XP level 1. HP: 22/22 MP: 0/0
    17 | D:5      | Noticed a centaur
    37 | D:5      | Reached XP level 2. HP: 24/29 MP: 1/1
    54 | D:5      | Noticed Dowan
    66 | D:5      | Reached XP level 3. HP: 35/37 MP: 2/2
    86 | D:5      | Noticed Duvessa
    97 | D:5      | Noticed Edmund
   107 | D:5      | Killed from afar by a white imp

Illustrated notes

Levels and vault maps discovered:
D:5:      cheibrodos_fzero, layout_basic, uniq_edmund, uniq_eustachio,
          uniq_duvessa

Skill      XL: |  1  2 |
---------------+-------+-----
Fighting       | 3 |  3.2
Unarmed Combat | 3 |  3.2
Dodging        | |  1.5
Stealth        | |  2.7

Action                   || total
-------------------------++-------
Melee: Unarmed           ||    25
  Use: Scroll            ||     1
       Potion            ||     1
 Stab: Sleeping          ||     1
Armor: Robe              ||    12
Dodge: Dodged            ||     9

Table legend: (Time is in decaauts)
 A = Elapsed time spent in this place.
 B = Non-inter-level travel time spent in this place.
 C = Inter-level travel time spent in this place.
 D = Time resting spent in this place.
 E = Time spent auto-exploring this place.
 F = Levels seen in this place.
 G = Mean time per level.
                   A        B        C        D        E       F      G
               +--------+--------+--------+--------+--------+-----+--------+
         Total |    105 |    105 |      0 |     10 |      0 |   1 |  105.0 |
       Dungeon |    105 |    105 |      0 |     10 |      0 |   1 |  105.0 |
               +--------+--------+--------+--------+--------+-----+--------+

Top non-repeatable levels by time:
     D:5: 105 daAuts
